 Dungeon Crawl Stone Soup version 0.29.0-4-gdea44cf6ec (webtiles) character file.

Game seed: 11305713216016589574

87226 qw the Warrior (level 15, -1/150 HPs)
             Began as a Minotaur Berserker on Sept 9, 2022.
             Was an Elder of Trog.
             Shot with an arrow by a centaur (4 damage)
             ... led by a centaur warrior
             ... on level 15 of the Dungeon.
             The game lasted 00:07:51 (21112 turns).

qw the Warrior (Minotaur Berserker)                Turns: 21112, Time: 00:07:52

Health: -1/150     AC: 26    Str: 34    XL:     15   Next: 43%
Magic:  14/14      EV: 11    Int:  4    God:    Trog [****..]
Gold:   1593       SH:  5    Dex:  9    Spells: 14/14 levels left

rFire   + . .      SeeInvis +   Y - +1 broad axe (vorpal)
rCold   . . .      Faith    .   (no shield)
rNeg    . . .      Spirit   .   h - +0 plate armour
rPois   +          Reflect  +   r - +2 hat {Will+}
rElec   .          Harm     .   o - +1 cloak
rCorr   .          Rampage  .   u - +0 pair of gloves
Will    ++...                   a - +0 pair of boots "Kischo" {rF+ Regen+ Dex-2 SInv}
Stlth   ..........              m - amulet of reflection
HPRegen 1.15/turn               f - +6 ring of strength
MPRegen 0.14/turn               k - ring of poison resistance

@: about to teleport, on berserk cooldown, slowed, very slow
A: horns 2, retaliatory headbutt
a: Renounce Religion, Berserk, Trog's Hand, Brothers in Arms


You were on level 15 of the Dungeon.
You worshipped Trog.
Trog was greatly pleased with you.
You visited 2 branches of the dungeon, and saw 20 of its levels.

You collected 2123 gold pieces.
You spent 530 gold pieces at shops.


Innate Abilities, Weirdness & Mutations

You have a pair of horns on your head.
You reflexively headbutt those who attack you in melee.


   Skills:
 + Level 18.6 Fighting
 - Level 18.2 Axes
 - Level 9.0 Throwing
 - Level 17.0 Armour
 - Level 7.0 Dodging


You had 14 spell levels left.
You didn't know any spells.
Your spell library was empty.

Inventory:

Hand Weapons
 w - a +0 morningstar of venom
 Y - a +1 vorpal broad axe (weapon)
Missiles
 c - 2 boomerangs (quivered)
Armour
 a - the +0 pair of boots "Kischo" (worn) {rF+ Regen+ Dex-2 SInv}
   (You acquired it on level 2 of the Dungeon)

   Dex:       It affects your dexterity (-2).
   rF:        It protects you from fire.
   SInv:      It lets you see invisible.
   Regen:     It increases your rate of health regeneration.
 h - a +0 plate armour (worn)
 o - a +1 cloak (worn)
 r - a +2 hat of willpower (worn)
 u - a +0 pair of gloves (worn)
Jewellery
 b - a ring of protection from cold
 f - a +6 ring of strength (left hand)
 g - a ring of see invisible
 k - a ring of poison resistance (right hand)
 m - an amulet of reflection (around neck)
 q - a ring of see invisible
 t - a ring of willpower
Scrolls
 i - 11 scrolls of identify
 n - 7 scrolls of teleportation
Potions
 d - 4 potions of heal wounds
 e - 4 potions of haste
 j - 14 potions of curing
 p - 2 potions of resistance
 s - 2 potions of mutation
 v - 2 potions of cancellation

Dungeon Overview and Level Annotations

Branches:
Dungeon (15/15)            Temple (0/1) D:4            Lair (5/5) D:10
 Shoals (0/4) Lair:2        Snake (0/4) Lair:2        Slime (0/5) Lair:5
    Orc (0/2) D:10         Vaults (0/5) D:13
 Depths: D:15

Altars:
Ashenzari
Dithmenos
Fedhas
Hepliaklqana
Kikubaaqudgha
Makhleb
Nemelex Xobeh
Okawaru
Ru
Sif Muna
Vehumet
Wu Jian
Jiyva

Shops:
D:1 *   D:5 !   D:6 [*   D:8 =

Annotations:
D:8 1 runed translucent door
D:9 3 runed translucent doors, qw's ghost, journeyman DsCA
D:13 1 runed translucent door
Lair:4 3 runed translucent doors, qw's ghost, journeyman MiBe
Lair:5 2 runed translucent doors


Message History

The orc knight is severely wounded.
The centaur warrior shoots an arrow.
The arrow barely misses you.
The centaur shoots an arrow.
The arrow hits you but does no damage.
The centaur shoots an arrow.
The arrow barely misses you.
The centaur shoots an arrow.
The arrow hits you. The orc knight closely misses you.
You block the orc warrior's attack.
The centaur shoots an arrow.
The arrow hits you!
The centaur warrior shoots an arrow.
The arrow hits you but does no damage.
You hit the orc knight but do no damage.
You headbutt the orc knight, but do no damage.
The orc knight is severely wounded.
The centaur shoots an arrow.
The arrow hits you.
The centaur wields a +0 shortbow.
The centaur shoots an arrow.
You reflect the arrow off an invisible shield around you!
The arrow hits the centaur.
The centaur shoots an arrow.
You reflect the arrow off an invisible shield around you!
The arrow hits the centaur.
The arrow burns the centaur.
The centaur shoots an arrow.
The arrow barely misses you.
The arrow hits the orc warrior!
The centaur warrior shoots an arrow.
The arrow hits you.
The orc warrior hits you from afar with a +3 halberd of venom.
The orc knight hits you but does no damage.
The centaur shoots an arrow.
The arrow hits you but does no damage.
The centaur shoots an arrow.
The arrow hits you! The arrow burns you.
The centaur shoots an arrow.
The arrow hits you but does no damage.
21112 ||| READING 8 scrolls of teleportation.
As you read the scroll of teleportation, it crumbles to dust.
You feel strangely unstable.
The centaur warrior shoots an arrow.
The arrow hits you!
The centaur wields a +0 shortbow.
The centaur shoots an arrow.
The arrow barely misses you.
The centaur shoots an arrow.
The arrow hits you but does no damage.
The centaur shoots an arrow.
The arrow hits you but does no damage.
The centaur shoots an arrow.
You reflect the arrow off an invisible shield around you!
The arrow hits the centaur!
The arrow burns the centaur.
The centaur warrior shoots an arrow.
The arrow closely misses you. The orc knight barely misses you.
The orc warrior hits you from afar with a +3 halberd of venom!
The centaur shoots an arrow.
The arrow hits you.
You die...

...~.~~~~~#
.<~.~~~~~##.
#.~........
#....!...#
#........#
#.....[..#
#######...)o...#
#.....#.o)))...#
#.......%@######
~# ##......)))####
~#
##~............# #
#~~~.....c...##.#
# #~~~~.ccc.c...#
#
###~~~~......c.###
##~~~~~.~#.....#
.~~~~~~.~~.....#
..~~~~~.~~####.#


You could see an orc knight, a centaur warrior, an orc warrior (strong) and 5
centaurs.

Vanquished Creatures
  Jorgrun (D:14)
  Gastronok (Lair:3)
  Azrael (D:15)
  Fannar (D:12)
  4 boulder beetles
  2 two-headed ogres (D:12)
  8 hydras
  6 centaur warriors
  8 death yaks (D:10)
  A fire crab (Lair:5)
  3 deep trolls (D:7)
  Lodul (D:14)
  A deep elf archer (D:13)
  An orc knight (D:13)
  A deep elf zephyrmancer (D:13)
  5 deep elf pyromancers
  13 ugly things
  3 manticores
  4 cyclopes
  Joseph (D:8)
  6 elephants (Lair:5)
  9 black mambas
  A merfolk siren (Lair:2)
  2 centaur skeletons (D:13)
  10 cane toads
  2 gargoyles
  3 molten gargoyles (Lair:5)
  An unseen horror (D:12)
  2 kobold demonologists
  6 rime drakes
  16 komodo dragons
  3 meliai (D:15)
  7 trolls
  5 polar bears
  4 dream sheep (Lair:3)
  3 slime creatures
  13 blink frogs (Lair:5)
  3 water elementals (D:15)
  60 yaks
  A vampire (D:12)
  A wraith (D:12)
  4 shadows
  11 wyverns
  A human (shapeshifter) (D:13)
  A fire elemental (D:15)
  A hog (shapeshifter) (D:13)
  2 steam dragons
  4 vampire mosquitoes
  17 basilisks
  4 nagas (Lair:2)
  3 acid dragons (D:11)
  2 orc warriors
  8 hell hounds
  4 water moccasins
  2 ice beasts (D:6)
  A sky beast (D:6)
  2 black bears
  8 ogres
  17 wolves
  15 centaurs
  A phantom (D:6)
  2 kobold brigands
  10 bullfrogs
  5 scorpions
  2 troll zombies (D:10)
  19 wights
  26 killer bees
  7 howler monkeys
  5 lava snakes (Lair:5)
  6 jellies
  6 orc priests
  3 hounds
  4 iguanas (D:6)
  10 orc wizards
  6 hell rats (Lair:4)
  4 ogre zombies (D:10)
  7 adders
  A shadow imp (D:6)
  2 white imps
  2 worms
  27 orcs
  5 ball pythons
  7 endoplasms
  A giant cockroach (D:1)
  9 goblins
  10 hobgoblins
  8 jackals
  5 quokkas
  A bat (D:1)
  6 frilled lizards
  A goblin skeleton (D:10)
  3 goblin zombies (D:10)
  3 hobgoblin zombies (D:10)
  19 kobolds
  An orc skeleton (D:10)
  10 orc zombies (D:10)
  4 rats
579 creatures vanquished.

Vanquished Creatures (collateral kills)
  A boulder beetle (Lair:3)
  A hydra (Lair:5)
  Sonja (Lair:3)
  A skeletal warrior (D:13)
  A black mamba (Lair:5)
  2 centaur skeletons (D:13)
  A torpor snail (Lair:1)
  2 komodo dragons (Lair:5)
  A troll (D:15)
  A hell hound (D:15)
  An orc warrior (D:15)
  2 wolves (Lair:5)
  A quokka (D:5)
16 creatures vanquished.

Vanquished Creatures (others)
  45 fungi
  29 plants
74 creatures vanquished.

Grand Total: 669 creatures vanquished

Notes
Turn   | Place    | Note
-------+----------+-------------------------------------------
     0 | D:1      | qw the Minotaur Berserker began the quest for the Orb.
     0 | D:1      | Reached XP level 1. HP: 19/19 MP: 0/0
     0 | D:1      | 0 ||| qw: Version: 0.1-a-113-g051387a
     0 | D:1      | 0 ||| qw: Game counter: 7122
     0 | D:1      | 0 ||| qw: Always use a shield: true
     0 | D:1      | 0 ||| qw: Do Orc after D:15 true
     0 | D:1      | 0 ||| qw: Do second Lair branch before Depths: true
     0 | D:1      | 0 ||| qw: Lair rune preference: random
     0 | D:1      | 0 ||| qw: Plans: Normal
     0 | D:1      | 0 ||| PLANNING D:1-11
    85 | D:1      | Found a faded altar of an unknown god.
   104 | D:1      | 104 ||| Stepping ~*~*~tactically~*~*~ (stealth).
   108 | D:1      | 108 ||| Stepping ~*~*~tactically~*~*~ (stealth).
   335 | D:1      | 335 ||| DROPPING +0 club.
   366 | D:1      | Reached XP level 2. HP: 26/26 MP: 1/1
   446 | D:1      | 446 ||| Stepping ~*~*~tactically~*~*~ (stealth).
   935 | D:1      | Found Cucliu's General Store.
   946 | D:1      | 946 ||| SHOPLISTING +2 leather armour "Xivus" {rCorr
                  | Slay+2} (462 gold, have 43).
   946 | D:1      | 946 ||| SHOPLISTING +2 scale mail of the Great Game {rElec
                  | Str+2 Int+3} (539 gold, have 43).
   946 | D:1      | 946 ||| SHOPLISTING 2 potions of might (112 gold, have 43).
  1385 | D:1      | 1385 ||| UPGRADING to +0 ring mail.
  1395 | D:1      | 1395 ||| DROPPING +0 animal skin.
  1396 | D:1      | 1396 ||| UPGRADING to +0 scale mail.
  1406 | D:1      | 1406 ||| DROPPING +0 ring mail.
  1407 | D:1      | 1407 ||| UPGRADING to +6 ring of strength.
  1408 | D:1      | 1408 ||| UPGRADING to ring of poison resistance.
  1409 | D:1      | 1409 ||| READING scroll labelled POUTTUF GUKHA.
  1410 | D:1      | 1410 ||| READING scroll labelled TUSTOG KIEFF.
  1531 | D:2      | Reached XP level 3. HP: 31/31 MP: 2/2
  1535 | D:2      | 1535 ||| Stepping ~*~*~tactically~*~*~ (stealth).
  1552 | D:2      | 1552 ||| FLEEEEING.
  1554 | D:2      | 1554 ||| FLEEEEING.
  1663 | D:2      | Reached ** piety under Trog
  1927 | D:2      | Reached skill level 6 in Axes
  1927 | D:2      | Reached XP level 4. HP: 34/39 MP: 3/3
  1932 | D:2      | 1932 ||| Stepping ~*~*~tactically~*~*~ (stealth).
  2017 | D:2      | 2017 ||| UPGRADING to amulet of reflection.
  2022 | D:2      | 2022 ||| DROPPING +6 ring of intelligence.
  2023 | D:2      | 2023 ||| READING scroll labelled NAABUO ZUOGO.
  2024 | D:2      | 2024 ||| READING scroll labelled UHAXUO VOXA.
  2024 | D:2      | Identified a scroll of acquirement
  2024 | D:2      | 2024 ||| ACQUIRING +0 pair of boots "Kischo" {rF+ Regen+
                  | Dex-2 SInv}
  2024 | D:2      | Acquired the +0 pair of boots "Kischo" {rF+ Regen+ Dex-2
                  | SInv}
  2026 | D:2      | 2026 ||| UPGRADING to +0 pair of boots "Kischo" {rF+ Regen+
                  | Dex-2 SInv}.
  2031 | D:2      | 2031 ||| READING scroll labelled SEWEBU JOVEWN.
  2034 | D:2      | 2034 ||| READING scroll labelled JEOCEES WAISM.
  2035 | D:2      | 2035 ||| DRINKING 3 brown potions.
  2140 | D:2      | 2140 ||| DROPPING 2 potions of berserk rage.
  2201 | D:3      | Found a burning altar of Makhleb.
  2201 | D:3      | Found a broken altar of Ashenzari.
  2365 | D:3      | 2365 ||| INVOKING Berserk.
  2371 | D:3      | Reached skill level 1 in Throwing
  2482 | D:3      | 2482 ||| DROPPING +0 whip.
  2494 | D:3      | Found an iron altar of Okawaru.
  2661 | D:3      | Found a radiant altar of Vehumet.
  2709 | D:3      | Found a hazy altar of Hepliaklqana.
  2957 | D:3      | Reached XP level 5. HP: 45/45 MP: 4/4
  3111 | D:3      | 3111 ||| READING scroll labelled PAES BOHOSYF.
  3112 | D:3      | 3112 ||| READING scroll labelled JOYLEI MEDUS.
  3180 | D:4      | Found a sparkling altar of Nemelex Xobeh.
  3221 | D:4      | Noticed an ogre
  3226 | D:4      | 3226 ||| INVOKING Berserk.
  3229 | D:4      | Killed an ogre
  3230 | D:4      | Reached XP level 6. HP: 55/55 MP: 5/5
  3304 | D:4      | 3304 ||| SWAPPING to +0 war axe.
  3305 | D:4      | 3305 ||| DROPPING +0 hand axe.
  3417 | D:4      | You fall into a shaft and drop 3 floors!
  3448 | D:7      | 3448 ||| DROPPING amulet of magic regeneration.
  3449 | D:7      | 3449 ||| DRINKING 2 fuming silvery potions.
  3450 | D:7      | 3450 ||| READING 3 scrolls of identify.
  3450 | D:7      | 3450 ||| IDENTIFYING fuming puce potion
  3451 | D:7      | 3451 ||| READING 2 scrolls of identify.
  3451 | D:7      | 3451 ||| IDENTIFYING lumpy amethyst potion
  3452 | D:7      | 3452 ||| DROPPING potion of invisibility.
  3453 | D:7      | 3453 ||| DROPPING potion of attraction.
  3503 | D:5      | Entered Level 5 of the Dungeon
  3509 | D:5      | Reached *** piety under Trog
  3532 | D:5      | Reached skill level 9 in Axes
  3532 | D:5      | Reached XP level 7. HP: 60/60 MP: 6/6
  3566 | D:5      | 3566 ||| Stepping ~*~*~tactically~*~*~ (stealth).
  3601 | D:5      | 3601 ||| READING scroll labelled FECISAOHATZA.
  3650 | D:4      | 3650 ||| Stepping ~*~*~tactically~*~*~ (stealth).
  3651 | D:4      | 3651 ||| Stepping ~*~*~tactically~*~*~ (stealth).
  3662 | D:4      | 3662 ||| Stepping ~*~*~tactically~*~*~ (stealth).
  3663 | D:4      | 3663 ||| Stepping ~*~*~tactically~*~*~ (stealth).
  3664 | D:4      | 3664 ||| Stepping ~*~*~tactically~*~*~ (stealth).
  3665 | D:4      | 3665 ||| Stepping ~*~*~tactically~*~*~ (stealth).
  3667 | D:4      | 3667 ||| Stepping ~*~*~tactically~*~*~ (stealth).
  3721 | D:4      | 3721 ||| Stepping ~*~*~tactically~*~*~ (stealth).
  3736 | D:4      | 3736 ||| INVOKING Berserk.
  3954 | D:4      | Found a staircase to the Ecumenical Temple.
  4358 | D:5      | Found Eturip's Distillery.
  4372 | D:5      | 4372 ||| BUYING potion of cancellation (96 gold).
  4372 | D:5      | Bought a potion of cancellation for 96 gold pieces
  4372 | D:5      | 4372 ||| BUYING potion of curing (36 gold).
  4372 | D:5      | Bought a potion of curing for 36 gold pieces
  4372 | D:5      | 4372 ||| BUYING potion of curing (36 gold).
  4372 | D:5      | Bought a potion of curing for 36 gold pieces
  4372 | D:5      | 4372 ||| BUYING potion of curing (36 gold).
  4372 | D:5      | Bought a potion of curing for 36 gold pieces
  4372 | D:5      | 4372 ||| BUYING potion of heal wounds (60 gold).
  4372 | D:5      | Bought a potion of heal wounds for 60 gold pieces
  4372 | D:5      | 4372 ||| SHOPLISTING potion of heal wounds (60 gold, have
                  | 22).
  4541 | D:5      | 4541 ||| UPGRADING to +0 cloak.
  4546 | D:5      | 4546 ||| READING scroll labelled WIAD CYT XULIL.
  4693 | D:6      | Found Koqu's Assorted Antiques.
  4697 | D:6      | 4697 ||| INVOKING Berserk.
  4817 | D:6      | 4817 ||| BUYING bubbling pink potion (26 gold).
  4817 | D:6      | Bought a bubbling pink potion for 26 gold pieces
  4817 | D:6      | 4817 ||| SHOPLISTING glowing cloak (217 gold, have 38).
  4817 | D:6      | 4817 ||| SHOPLISTING scroll of identify (58 gold, have 38).
  4904 | D:6      | Reached skill level 3 in Armour
  4945 | D:6      | Found Sewe's Antique Armour Shop.
  4950 | D:6      | 4950 ||| SHOPLISTING embroidered hat (168 gold, have 97).
  4950 | D:6      | 4950 ||| SHOPLISTING gold dragon scales (1920 gold, have
                  | 97).
  4950 | D:6      | 4950 ||| SHOPLISTING shiny ring mail (168 gold, have 97).
  4964 | D:6      | Reached XP level 8. HP: 69/69 MP: 7/7
  4968 | D:6      | 4968 ||| DROPPING +2 vorpal flail.
  4979 | D:6      | Reached skill level 6 in Fighting
  5079 | D:6      | 5079 ||| Stepping ~*~*~tactically~*~*~ (water).
  5159 | D:6      | 5159 ||| FLEEEEING.
  5161 | D:6      | 5161 ||| FLEEEEING.
  5162 | D:6      | 5162 ||| FLEEEEING.
  5163 | D:6      | 5163 ||| FLEEEEING.
  5165 | D:6      | 5165 ||| FLEEEEING.
  5166 | D:6      | 5166 ||| FLEEEEING.
  5167 | D:6      | 5167 ||| FLEEEEING.
  5169 | D:6      | 5169 ||| FLEEEEING.
  5171 | D:6      | 5171 ||| FLEEEEING.
  5173 | D:6      | 5173 ||| FLEEEEING.
  5174 | D:6      | 5174 ||| FLEEEEING.
  5459 | D:6      | 5459 ||| UPGRADING to +0 plate armour.
  5469 | D:6      | 5469 ||| DROPPING +0 scale mail.
  5470 | D:6      | 5470 ||| READING scroll labelled MUSOAMU CYOM.
  5471 | D:6      | 5471 ||| READING scroll labelled DECU WUUPHO.
  5472 | D:6      | 5472 ||| DRINKING 4 bubbling pink potions.
  5513 | D:6      | 5513 ||| DROPPING 3 potions of lignification.
  5569 | D:7      | 5569 ||| Stepping ~*~*~tactically~*~*~ (stealth).
  5575 | D:7      | 5575 ||| Stepping ~*~*~tactically~*~*~ (stealth).
  5666 | D:7      | Reached skill level 12 in Axes
  5676 | D:7      | Found an ancient bone altar of Kikubaaqudgha.
  5860 | D:7      | Reached skill level 3 in Throwing
  5860 | D:7      | Reached XP level 9. HP: 75/75 MP: 8/8
  5863 | D:7      | Identified the +0 robe "Potih" {Contam rN+ MP+9 SInv}
  6023 | D:7      | Found a sacrificial altar of Ru.
  6023 | D:7      | Found a shimmering blue altar of Sif Muna.
  6063 | D:7      | Noticed a deep troll
  6063 | D:7      | Noticed a deep troll
  6064 | D:7      | Noticed a deep troll
  6065 | D:7      | 6065 ||| Stepping ~*~*~tactically~*~*~ (stealth).
  6068 | D:7      | 6068 ||| INVOKING Berserk.
  6073 | D:7      | Killed a deep troll
  6074 | D:7      | Killed a deep troll
  6081 | D:7      | Killed a deep troll
  6211 | D:7      | Found the amulet of Vitality {RegenMP++ Regen++}
  6304 | D:7      | 6304 ||| READING 3 scrolls of identify.
  6304 | D:7      | 6304 ||| IDENTIFYING smoky inky potion
  6305 | D:7      | 6305 ||| READING 2 scrolls of identify.
  6305 | D:7      | 6305 ||| IDENTIFYING sedimented black potion
  6306 | D:7      | 6306 ||| DROPPING potion of degeneration.
  6334 | D:8      | Found a runed translucent door.
  6339 | D:8      | 6339 ||| INVOKING Berserk.
  6343 | D:8      | Reached XP level 10. HP: 59/81 MP: 9/9
  6521 | D:8      | Found Covvu's Jewellery Shoppe.
  6538 | D:8      | 6538 ||| SHOPLISTING ring of ice (400 gold, have 274).
  6538 | D:8      | 6538 ||| SHOPLISTING ring of positive energy (320 gold,
                  | have 274).
  6538 | D:8      | 6538 ||| SHOPLISTING ring of resist corrosion (320 gold,
                  | have 274).
  6538 | D:8      | 6538 ||| BUYING ring of see invisible (240 gold).
  6538 | D:8      | Bought a ring of see invisible for 240 gold pieces
  6546 | D:8      | 6546 ||| Stepping ~*~*~tactically~*~*~ (stealth).
  6551 | D:8      | 6551 ||| Stepping ~*~*~tactically~*~*~ (hiding).
  6564 | D:8      | Reached **** piety under Trog
  6595 | D:8      | Noticed Joseph
  6596 | D:8      | 6596 ||| Stepping ~*~*~tactically~*~*~ (hiding).
  6599 | D:8      | 6599 ||| Stepping ~*~*~tactically~*~*~ (hiding).
  6613 | D:8      | Killed Joseph
  6680 | D:8      | 6680 ||| READING scroll of enchant armour.
  6680 | D:8      | 6680 ||| ENCHANTING +0 cloak.
  6703 | D:8      | 6703 ||| Stepping ~*~*~tactically~*~*~ (hiding).
  6911 | D:8      | Noticed a sixfirhy
  6950 | D:8      | Found a blossoming altar of Fedhas.
  7225 | D:9      | 7225 ||| Stepping ~*~*~tactically~*~*~ (stealth).
  7226 | D:9      | 7226 ||| Stepping ~*~*~tactically~*~*~ (hiding).
  7244 | D:9      | Reached skill level 15 in Axes
  7251 | D:9      | 7251 ||| Stepping ~*~*~tactically~*~*~ (stealth).
  7254 | D:9      | 7254 ||| Stepping ~*~*~tactically~*~*~ (stealth).
  7257 | D:9      | 7257 ||| Stepping ~*~*~tactically~*~*~ (stealth).
  7284 | D:9      | Noticed an eight-headed hydra
  7285 | D:9      | 7285 ||| INVOKING Brothers in Arms.
  7287 | D:9      | 7287 ||| SWAPPING to +0 morningstar.
  7288 | D:9      | 7288 ||| INVOKING Berserk.
  7294 | D:9      | Killed an eight-headed hydra
  7295 | D:9      | Reached skill level 9 in Fighting
  7315 | D:9      | 7315 ||| SWAPPING to +0 war axe.
  7320 | D:9      | 7320 ||| FLEEEEING.
  7321 | D:9      | 7321 ||| FLEEEEING.
  7323 | D:9      | 7323 ||| STAIRDANCE
  7511 | D:9      | 7511 ||| Stepping ~*~*~tactically~*~*~ (stealth).
  7514 | D:9      | 7514 ||| INVOKING Berserk.
  7644 | D:9      | 7644 ||| Stepping ~*~*~tactically~*~*~ (stealth).
  7725 | D:9      | 7725 ||| Stepping ~*~*~tactically~*~*~ (stealth).
  7727 | D:9      | 7727 ||| Stepping ~*~*~tactically~*~*~ (stealth).
  7729 | D:9      | 7729 ||| Stepping ~*~*~tactically~*~*~ (stealth).
  7760 | D:9      | Reached XP level 11. HP: 99/99 MP: 10/10
  7836 | D:9      | Found a runed translucent gate.
  7836 | D:9      | Found a runed translucent gate.
  7836 | D:9      | Found a runed translucent gate.
  7837 | D:9      | Noticed qw's ghost (journeyman DsCA)
  7838 | D:9      | Identified the +6 chain mail of the Fifty Orbs {rPois rN++}
  8209 | D:9      | 8209 ||| READING 2 scrolls of identify.
  8209 | D:9      | 8209 ||| IDENTIFYING clear potion
  8241 | D:10     | Entered Level 10 of the Dungeon
  8367 | D:10     | 8367 ||| Stepping ~*~*~tactically~*~*~ (stealth).
  8413 | D:10     | 8413 ||| Stepping ~*~*~tactically~*~*~ (stealth).
  8431 | D:10     | 8431 ||| Stepping ~*~*~tactically~*~*~ (stealth).
  8455 | D:10     | 8455 ||| Stepping ~*~*~tactically~*~*~ (stealth).
  8462 | D:10     | 8462 ||| Stepping ~*~*~tactically~*~*~ (stealth).
  8471 | D:10     | Reached skill level 3 in Dodging
  8494 | D:10     | 8494 ||| Stepping ~*~*~tactically~*~*~ (stealth).
  8496 | D:10     | 8496 ||| Stepping ~*~*~tactically~*~*~ (stealth).
  8498 | D:10     | 8498 ||| FLEEEEING.
  8499 | D:10     | 8499 ||| FLEEEEING.
  8500 | D:10     | 8500 ||| FLEEEEING.
  8501 | D:10     | 8501 ||| Stepping ~*~*~tactically~*~*~ (stealth).
  8515 | D:10     | 8515 ||| Stepping ~*~*~tactically~*~*~ (stealth).
  8523 | D:10     | 8523 ||| Stepping ~*~*~tactically~*~*~ (stealth).
  8536 | D:10     | 8536 ||| Stepping ~*~*~tactically~*~*~ (stealth).
  8544 | D:10     | 8544 ||| Stepping ~*~*~tactically~*~*~ (stealth).
  8574 | D:10     | Found a staircase to the Orcish Mines.
  8585 | D:10     | 8585 ||| Stepping ~*~*~tactically~*~*~ (stealth).
  8650 | D:10     | Noticed a death yak
  8652 | D:10     | Noticed a death yak
  8654 | D:10     | 8654 ||| INVOKING Berserk.
  8656 | D:10     | Noticed a death yak
  8661 | D:10     | Killed a death yak
  8662 | D:10     | Reached skill level 9 in Armour
  8664 | D:10     | Noticed a death yak
  8666 | D:10     | Noticed a death yak
  8667 | D:10     | Killed a death yak
  8668 | D:10     | Noticed a death yak
  8668 | D:10     | Noticed a death yak
  8670 | D:10     | Noticed a death yak
  8673 | D:10     | Killed a death yak
  8674 | D:10     | Found a staircase to the Lair.
  8679 | D:10     | HP: 25/102 [death yak (16)]
  8680 | D:10     | 8680 ||| READING 6 scrolls of teleportation.
  8680 | D:10     | HP: 9/102 [death yak (13)]
  8680 | D:10     | HP: 1/102 [death yak (8)]
  8681 | D:10     | 8681 ||| DRINKING 3 potions of heal wounds.
  8683 | D:10     | 8683 ||| DRINKING 2 potions of heal wounds.
  8736 | D:10     | 8736 ||| Stepping ~*~*~tactically~*~*~ (stealth).
  8740 | D:10     | 8740 ||| INVOKING Berserk.
  8746 | D:10     | Killed a death yak
  8750 | D:10     | Killed a death yak
  8754 | D:10     | Killed a death yak
  8759 | D:10     | Killed a death yak
  8761 | D:10     | Killed a death yak
  8762 | D:10     | Reached skill level 12 in Fighting
  8928 | D:10     | 8928 ||| Stepping ~*~*~tactically~*~*~ (stealth).
  8930 | D:10     | 8930 ||| Stepping ~*~*~tactically~*~*~ (stealth).
  8931 | D:10     | Noticed a red ugly thing
  8939 | D:10     | 8939 ||| INVOKING Berserk.
  8942 | D:10     | Killed a red ugly thing
  8952 | D:10     | 8952 ||| FLEEEEING.
  8952 | D:10     | Found a viscous altar of Jiyva.
  9219 | D:10     | 9219 ||| Stepping ~*~*~tactically~*~*~ (hiding).
  9228 | D:10     | 9228 ||| Stepping ~*~*~tactically~*~*~ (hiding).
  9251 | D:10     | 9251 ||| Stepping ~*~*~tactically~*~*~ (stealth).
  9253 | D:10     | 9253 ||| Stepping ~*~*~tactically~*~*~ (hiding).
  9254 | D:10     | 9254 ||| Stepping ~*~*~tactically~*~*~ (hiding).
  9262 | D:10     | Reached ***** piety under Trog
  9408 | D:10     | Found a shadowy altar of Dithmenos.
  9497 | D:10     | 9497 ||| PLANNING LAIR
  9497 | D:10     | 9497 ||| UPGRADING to +0 pair of gloves.
  9502 | D:10     | 9502 ||| UPGRADING to +2 hat.
  9507 | D:10     | 9507 ||| READING scroll labelled BIFAFI YMANNUTT.
  9528 | Lair:1   | Entered Level 1 of the Lair of Beasts
  9614 | Lair:1   | Reached XP level 12. HP: 95/112 MP: 11/11
  9644 | Lair:1   | 9644 ||| Stepping ~*~*~tactically~*~*~ (stealth).
  9645 | Lair:1   | 9645 ||| Stepping ~*~*~tactically~*~*~ (stealth).
  9651 | Lair:1   | 9651 ||| Stepping ~*~*~tactically~*~*~ (stealth).
  9657 | Lair:1   | 9657 ||| Stepping ~*~*~tactically~*~*~ (stealth).
  9661 | Lair:1   | 9661 ||| Stepping ~*~*~tactically~*~*~ (stealth).
  9664 | Lair:1   | 9664 ||| Stepping ~*~*~tactically~*~*~ (stealth).
  9665 | Lair:1   | 9665 ||| Stepping ~*~*~tactically~*~*~ (stealth).
  9720 | Lair:1   | Reached skill level 12 in Armour
  9736 | Lair:1   | 9736 ||| Stepping ~*~*~tactically~*~*~ (stealth).
  9741 | Lair:1   | 9741 ||| Stepping ~*~*~tactically~*~*~ (stealth).
  9744 | Lair:1   | 9744 ||| Stepping ~*~*~tactically~*~*~ (stealth).
  9745 | Lair:1   | 9745 ||| Stepping ~*~*~tactically~*~*~ (stealth).
  9749 | Lair:1   | 9749 ||| Stepping ~*~*~tactically~*~*~ (stealth).
  9751 | Lair:1   | 9751 ||| Stepping ~*~*~tactically~*~*~ (stealth).
  9752 | Lair:1   | 9752 ||| Stepping ~*~*~tactically~*~*~ (stealth).
  9805 | Lair:1   | 9805 ||| Stepping ~*~*~tactically~*~*~ (hiding).
  9806 | Lair:1   | 9806 ||| Stepping ~*~*~tactically~*~*~ (hiding).
  9938 | Lair:1   | 9938 ||| Stepping ~*~*~tactically~*~*~ (stealth).
  9940 | Lair:1   | 9940 ||| Stepping ~*~*~tactically~*~*~ (stealth).
  9946 | Lair:1   | 9946 ||| Stepping ~*~*~tactically~*~*~ (stealth).
 10173 | Lair:1   | 10173 ||| Stepping ~*~*~tactically~*~*~ (stealth).
 10176 | Lair:1   | 10176 ||| Stepping ~*~*~tactically~*~*~ (stealth).
 10185 | Lair:1   | 10185 ||| INVOKING Berserk.
 10187 | Lair:1   | Reached skill level 6 in Throwing
 10325 | Lair:1   | 10325 ||| INVOKING Berserk.
 10491 | Lair:1   | 10491 ||| INVOKING Berserk.
 10504 | Lair:1   | 10504 ||| Stepping ~*~*~tactically~*~*~ (stealth).
 10517 | Lair:1   | 10517 ||| INVOKING Brothers in Arms.
 10729 | Lair:1   | 10729 ||| SWAPPING to +0 broad axe.
 10730 | Lair:1   | 10730 ||| DROPPING +0 war axe.
 10753 | Lair:2   | Found an ornate altar of the Wu Jian Council.
 10793 | Lair:2   | Found a staircase to the Shoals.
 10933 | Lair:2   | 10933 ||| INVOKING Berserk.
 11085 | Lair:2   | Noticed a six-headed hydra
 11086 | Lair:2   | 11086 ||| INVOKING Brothers in Arms.
 11089 | Lair:2   | 11089 ||| INVOKING Brothers in Arms.
 11090 | Lair:2   | 11090 ||| SWAPPING to +0 morningstar.
 11091 | Lair:2   | 11091 ||| INVOKING Berserk.
 11093 | Lair:2   | Killed a six-headed hydra
 11102 | Lair:2   | 11102 ||| SWAPPING to +0 broad axe.
 11318 | Lair:2   | 11318 ||| Stepping ~*~*~tactically~*~*~ (stealth).
 11322 | Lair:2   | 11322 ||| Stepping ~*~*~tactically~*~*~ (stealth).
 11327 | Lair:2   | 11327 ||| Stepping ~*~*~tactically~*~*~ (stealth).
 11337 | Lair:2   | 11337 ||| Stepping ~*~*~tactically~*~*~ (stealth).
 11349 | Lair:2   | 11349 ||| Stepping ~*~*~tactically~*~*~ (stealth).
 11354 | Lair:2   | 11354 ||| Stepping ~*~*~tactically~*~*~ (stealth).
 11421 | Lair:2   | 11421 ||| Stepping ~*~*~tactically~*~*~ (hiding).
 11423 | Lair:2   | 11423 ||| Stepping ~*~*~tactically~*~*~ (hiding).
 11426 | Lair:2   | Found a staircase to the Snake Pit.
 11633 | Lair:2   | Identified the +2 long sword of the Usurping Gods {flame,
                  | rC+ MP+9 Str-5}
 11837 | Lair:2   | 11837 ||| READING 2 scrolls labelled MOPLUI ATOVOWN.
 11838 | Lair:2   | 11838 ||| READING scroll of brand weapon.
 11838 | Lair:2   | 11838 ||| BRANDING +0 broad axe of draining.
 11839 | Lair:2   | 11839 ||| DROPPING +0 morningstar.
 11886 | Lair:3   | Reached XP level 13. HP: 117/122 MP: 12/12
 11920 | Lair:3   | 11920 ||| DRINKING potion of cancellation.
 11981 | Lair:3   | 11981 ||| Stepping ~*~*~tactically~*~*~ (stealth).
 11985 | Lair:3   | 11985 ||| INVOKING Berserk.
 12115 | Lair:3   | Noticed Gastronok
 12120 | Lair:3   | 12120 ||| INVOKING Berserk.
 12127 | Lair:3   | Killed Gastronok
 12128 | Lair:3   | Reached skill level 18 in Axes
 12239 | Lair:3   | Noticed Sonja
 12240 | Lair:3   | 12240 ||| INVOKING Brothers in Arms.
 12244 | Lair:3   | Killed Sonja
 12247 | Lair:3   | 12247 ||| INVOKING Brothers in Arms.
 12248 | Lair:3   | 12248 ||| INVOKING Berserk.
 12538 | Lair:3   | Identified the +9 dagger of Irritation {venom, rF- Str+8
                  | Int+4 Dex-3}
 12845 | Lair:3   | 12845 ||| DROPPING +1 pair of boots.
 12846 | Lair:3   | 12846 ||| UPGRADING to +2 hat of willpower.
 12856 | Lair:3   | 12856 ||| DROPPING +2 hat.
 12857 | Lair:3   | 12857 ||| DROPPING amulet of guardian spirit.
 12858 | Lair:3   | 12858 ||| DRINKING 2 dark potions.
 12859 | Lair:3   | 12859 ||| READING 9 scrolls of identify.
 12859 | Lair:3   | 12859 ||| IDENTIFYING green potion
 12860 | Lair:3   | 12860 ||| DROPPING potion of ambrosia.
 12890 | Lair:4   | 12890 ||| INVOKING Berserk.
 13017 | Lair:4   | 13017 ||| Stepping ~*~*~tactically~*~*~ (stealth).
 13133 | Lair:4   | 13133 ||| INVOKING Berserk.
 13141 | Lair:4   | 13141 ||| INVOKING Brothers in Arms.
 13258 | Lair:4   | Found a runed translucent gate.
 13258 | Lair:4   | Found a runed translucent gate.
 13258 | Lair:4   | Found a runed translucent gate.
 13262 | Lair:4   | Noticed qw's ghost (journeyman MiBe)
 13313 | Lair:4   | 13313 ||| Stepping ~*~*~tactically~*~*~ (stealth).
 13317 | Lair:4   | 13317 ||| Stepping ~*~*~tactically~*~*~ (stealth).
 13319 | Lair:4   | 13319 ||| INVOKING Berserk.
 13497 | Lair:4   | 13497 ||| INVOKING Berserk.
 13744 | Lair:4   | Found a hazy altar of Hepliaklqana.
 13829 | Lair:4   | 13829 ||| Stepping ~*~*~tactically~*~*~ (hiding).
 13836 | Lair:4   | 13836 ||| Stepping ~*~*~tactically~*~*~ (stealth).
 13843 | Lair:4   | 13843 ||| Stepping ~*~*~tactically~*~*~ (hiding).
 13849 | Lair:4   | 13849 ||| Stepping ~*~*~tactically~*~*~ (stealth).
 13855 | Lair:4   | 13855 ||| Stepping ~*~*~tactically~*~*~ (stealth).
 13857 | Lair:4   | 13857 ||| Stepping ~*~*~tactically~*~*~ (hiding).
 13873 | Lair:4   | 13873 ||| INVOKING Berserk.
 13894 | Lair:4   | 13894 ||| INVOKING Brothers in Arms.
 13900 | Lair:4   | Reached skill level 15 in Fighting
 14385 | Lair:4   | 14385 ||| READING scroll labelled PALA QYMEUTS.
 14453 | Lair:5   | Entered Level 5 of the Lair of Beasts
 14455 | Lair:5   | 14455 ||| INVOKING Berserk.
 14476 | Lair:5   | 14476 ||| FLEEEEING.
 14477 | Lair:5   | 14477 ||| INVOKING Brothers in Arms.
 14551 | Lair:5   | 14551 ||| READING scroll of brand weapon.
 14551 | Lair:5   | 14551 ||| BRANDING +0 broad axe of flaming.
 14594 | Lair:5   | Found a dark tunnel.
 14606 | Lair:5   | 14606 ||| Stepping ~*~*~tactically~*~*~ (stealth).
 14685 | Lair:5   | 14685 ||| INVOKING Berserk.
 14780 | Lair:5   | 14780 ||| INVOKING Berserk.
 14793 | Lair:5   | 14793 ||| INVOKING Brothers in Arms.
 14794 | Lair:5   | 14794 ||| INVOKING Brothers in Arms.
 14795 | Lair:5   | 14795 ||| Stepping ~*~*~tactically~*~*~ (stealth).
 14796 | Lair:5   | 14796 ||| INVOKING Brothers in Arms.
 14921 | Lair:5   | Reached skill level 6 in Dodging
 15009 | Lair:5   | Reached XP level 14. HP: 135/135 MP: 13/13
 15092 | Lair:5   | 15092 ||| FLEEEEING.
 15140 | Lair:5   | 15140 ||| DROPPING +0 morningstar.
 15142 | Lair:5   | 15142 ||| Stepping ~*~*~tactically~*~*~ (hiding).
 15257 | Lair:5   | 15257 ||| Stepping ~*~*~tactically~*~*~ (stealth).
 15260 | Lair:5   | 15260 ||| INVOKING Brothers in Arms.
 15261 | Lair:5   | 15261 ||| SWAPPING to +0 morningstar of venom.
 15262 | Lair:5   | 15262 ||| INVOKING Berserk.
 15280 | Lair:5   | 15280 ||| SWAPPING to +0 vorpal broad axe.
 15308 | Lair:5   | 15308 ||| FLEEEEING.
 15309 | Lair:5   | 15309 ||| FLEEEEING.
 15310 | Lair:5   | 15310 ||| FLEEEEING.
 15460 | Lair:5   | 15460 ||| Stepping ~*~*~tactically~*~*~ (hiding).
 15462 | Lair:5   | 15462 ||| Stepping ~*~*~tactically~*~*~ (hiding).
 15511 | Lair:5   | Reached skill level 9 in Throwing
 15550 | Lair:5   | Found a large runed translucent door.
 15550 | Lair:5   | Found a large runed translucent door.
 15717 | Lair:5   | 15717 ||| Stepping ~*~*~tactically~*~*~ (stealth).
 15730 | Lair:5   | 15730 ||| Stepping ~*~*~tactically~*~*~ (stealth).
 15732 | Lair:5   | 15732 ||| Stepping ~*~*~tactically~*~*~ (stealth).
 15755 | Lair:5   | 15755 ||| INVOKING Berserk.
 15780 | Lair:5   | 15780 ||| Stepping ~*~*~tactically~*~*~ (stealth).
 15812 | Lair:5   | 15812 ||| Stepping ~*~*~tactically~*~*~ (stealth).
 15867 | Lair:5   | 15867 ||| Stepping ~*~*~tactically~*~*~ (stealth).
 15899 | Lair:5   | Found a staircase to the Slime Pits.
 16263 | Lair:5   | 16263 ||| PLANNING D:1-11
 16441 | D:11     | 16441 ||| INVOKING Berserk.
 16446 | D:11     | Reached skill level 15 in Armour
 16666 | D:11     | 16666 ||| Stepping ~*~*~tactically~*~*~ (hiding).
 16698 | D:11     | 16698 ||| Stepping ~*~*~tactically~*~*~ (stealth).
 16727 | D:11     | 16727 ||| Stepping ~*~*~tactically~*~*~ (hiding).
 16735 | D:11     | 16735 ||| FLEEEEING.
 16736 | D:11     | 16736 ||| FLEEEEING.
 16737 | D:11     | 16737 ||| STAIRDANCE
 16861 | D:11     | 16861 ||| STAIRDANCE
 16866 | D:11     | 16866 ||| STAIRDANCE
 16871 | D:11     | 16871 ||| STAIRDANCE
 16933 | D:11     | 16933 ||| Stepping ~*~*~tactically~*~*~ (hiding).
 16938 | D:11     | 16938 ||| Stepping ~*~*~tactically~*~*~ (hiding).
 17244 | D:11     | 17244 ||| PLANNING D
 17505 | D:12     | 17505 ||| Stepping ~*~*~tactically~*~*~ (hiding).
 17507 | D:12     | 17507 ||| Stepping ~*~*~tactically~*~*~ (hiding).
 17637 | D:12     | 17637 ||| INVOKING Brothers in Arms.
 17639 | D:12     | 17639 ||| SWAPPING to +0 morningstar of venom.
 17640 | D:12     | 17640 ||| INVOKING Berserk.
 17649 | D:12     | 17649 ||| SWAPPING to +0 vorpal broad axe.
 17783 | D:12     | 17783 ||| Stepping ~*~*~tactically~*~*~ (stealth).
 17788 | D:12     | 17788 ||| Stepping ~*~*~tactically~*~*~ (stealth).
 17902 | D:12     | Identified the +1 robe of Huuvvioduda {Slay+5}
 18116 | D:12     | 18116 ||| Stepping ~*~*~tactically~*~*~ (hiding).
 18272 | D:12     | Noticed Fannar
 18273 | D:12     | 18273 ||| Stepping ~*~*~tactically~*~*~ (hiding).
 18274 | D:12     | 18274 ||| Stepping ~*~*~tactically~*~*~ (hiding).
 18285 | D:12     | Killed Fannar
 18342 | D:12     | 18342 ||| DROPPING amulet of the acrobat.
 18352 | D:13     | 18352 ||| Stepping ~*~*~tactically~*~*~ (stealth).
 18380 | D:13     | 18380 ||| INVOKING Berserk.
 18394 | D:13     | 18394 ||| FLEEEEING.
 18395 | D:13     | 18395 ||| FLEEEEING.
 18396 | D:13     | 18396 ||| FLEEEEING.
 18397 | D:13     | 18397 ||| FLEEEEING.
 18402 | D:13     | 18402 ||| FLEEEEING.
 18404 | D:13     | 18404 ||| STAIRDANCE
 18512 | D:13     | 18512 ||| Stepping ~*~*~tactically~*~*~ (stealth).
 18513 | D:13     | 18513 ||| Stepping ~*~*~tactically~*~*~ (stealth).
 18580 | D:13     | 18580 ||| INVOKING Berserk.
 18726 | D:13     | 18726 ||| Stepping ~*~*~tactically~*~*~ (hiding).
 18736 | D:13     | 18736 ||| Stepping ~*~*~tactically~*~*~ (hiding).
 18738 | D:13     | 18738 ||| Stepping ~*~*~tactically~*~*~ (hiding).
 18755 | D:13     | 18755 ||| Stepping ~*~*~tactically~*~*~ (hiding).
 18756 | D:13     | 18756 ||| Stepping ~*~*~tactically~*~*~ (hiding).
 18757 | D:13     | 18757 ||| Stepping ~*~*~tactically~*~*~ (hiding).
 18766 | D:13     | 18766 ||| INVOKING Berserk.
 18775 | D:13     | 18775 ||| Stepping ~*~*~tactically~*~*~ (hiding).
 18784 | D:13     | 18784 ||| FLEEEEING.
 18789 | D:13     | 18789 ||| STAIRDANCE
 18843 | D:13     | 18843 ||| INVOKING Berserk.
 18847 | D:13     | 18847 ||| INVOKING Brothers in Arms.
 19001 | D:13     | 19001 ||| Stepping ~*~*~tactically~*~*~ (hiding).
 19100 | D:13     | 19100 ||| Stepping ~*~*~tactically~*~*~ (hiding).
 19108 | D:13     | 19108 ||| Stepping ~*~*~tactically~*~*~ (hiding).
 19111 | D:13     | 19111 ||| Stepping ~*~*~tactically~*~*~ (hiding).
 19219 | D:13     | Found a runed translucent door.
 19301 | D:13     | Found a gate to the Vaults.
 19358 | D:13     | 19358 ||| DROPPING ring of ice.
 19475 | D:14     | Noticed Lodul
 19476 | D:14     | 19476 ||| Stepping ~*~*~tactically~*~*~ (hiding).
 19486 | D:14     | 19486 ||| INVOKING Berserk.
 19490 | D:14     | Reached XP level 15. HP: 147/147 MP: 14/14
 19494 | D:14     | Killed Lodul
 20069 | D:14     | 20069 ||| Stepping ~*~*~tactically~*~*~ (hiding).
 20076 | D:14     | 20076 ||| Stepping ~*~*~tactically~*~*~ (stealth).
 20193 | D:14     | 20193 ||| FLEEEEING.
 20194 | D:14     | 20194 ||| FLEEEEING.
 20195 | D:14     | 20195 ||| FLEEEEING.
 20201 | D:14     | 20201 ||| Stepping ~*~*~tactically~*~*~ (stealth).
 20204 | D:14     | 20204 ||| Stepping ~*~*~tactically~*~*~ (stealth).
 20209 | D:14     | Reached skill level 18 in Fighting
 20222 | D:14     | 20222 ||| INVOKING Berserk.
 20386 | D:14     | Noticed Jorgrun
 20387 | D:14     | 20387 ||| INVOKING Brothers in Arms.
 20390 | D:14     | 20390 ||| INVOKING Berserk.
 20398 | D:14     | Killed Jorgrun
 20553 | D:14     | 20553 ||| READING scroll labelled EFRICH ROMPA.
 20554 | D:14     | 20554 ||| READING 12 scrolls of identify.
 20554 | D:14     | 20554 ||| IDENTIFYING pink potion
 20555 | D:14     | 20555 ||| DROPPING potion of magic.
 20572 | D:15     | Entered Level 15 of the Dungeon
 20573 | D:15     | 20573 ||| STAIRDANCE
 20581 | D:15     | 20581 ||| SWAPPING to +0 morningstar of venom.
 20582 | D:15     | 20582 ||| INVOKING Berserk.
 20589 | D:15     | 20589 ||| STAIRDANCE
 20604 | D:14     | 20604 ||| SWAPPING to +1 vorpal broad axe.
 20862 | D:15     | 20862 ||| Stepping ~*~*~tactically~*~*~ (hiding).
 20870 | D:15     | 20870 ||| Stepping ~*~*~tactically~*~*~ (hiding).
 21067 | D:15     | 21067 ||| Stepping ~*~*~tactically~*~*~ (hiding).
 21069 | D:15     | 21069 ||| INVOKING Berserk.
 21098 | D:15     | 21098 ||| INVOKING Brothers in Arms.
 21098 | D:15     | Noticed Azrael
 21099 | D:15     | 21099 ||| INVOKING Brothers in Arms.
 21109 | D:15     | Killed Azrael
 21111 | D:15     | HP: 34/150 [orc warrior/+3 halberd of venom[an orc knight]
                  | (4)]
 21112 | D:15     | 21112 ||| READING 8 scrolls of teleportation.
 21112 | D:15     | HP: 3/150 [orc warrior/+3 halberd of venom[an orc knight]
                  | (17)]
 21112 | D:15     | Shot with an arrow by a centaur

Levels and vault maps discovered:
D:1:      minmay_arrival_three_doors, layout_rooms, serial_shops,
          nicolae_square_shop, basic_ecumenical_altar, minivault_4,
          minmay_indecisive_spiral
D:2:      minmay_alternating_diamond, layout_basic
D:3:      layout_basic, okawaru_metal_pillars_1_2,
          mainiacjoe_overflow_surrounded_room, vehumet_crystals,
          gammafunk_temple_overflow_elements
D:4:      layout_rooms, mainiacjoe_overflow_cross_hatched,
          minmay_temple_entry_antechambers, minmay_ruptured
D:5:      layout_basic, serial_shops, nicolae_shop_crystal
D:6:      layout_loops_cross, serial_shops, nicolae_shop_trees,
          nicolae_shop_statue_plus, minmay_manual_mullet
D:7:      layout_basic, nicolae_kikubaaqudgha_miasma_corner,
          gammafunk_temple_overflow_pools, chequers_serial_rivers_small_3,
          hellmonk_guarded_unrand_vitality_bloodlust
D:8:      cheibrodos_shockbox, layout_cave_pools, fedhas_altar_fruit_tree,
          serial_shops, shop, uniq_joseph
D:9:      nicolae_cairo_tiling, layout_long_grid, biasface_ghost_orc_armoury
D:10:     layout_long_grid, kennysheep_little_box, dpeg_lair_monsters,
          zombieorc1_lemuel, jiyva_altar_1
D:11:     layout_small_grid
D:12:     layout_cave_pods, uniq_fannar
D:13:     layout_rooms, hangedman_vaults_entry_quadrant_bands,
          minmay_crystal_box
D:14:     layout_basic, serial_bayou_pond_d, minmay_misc_feat_hallway,
          hangedman_decor_riveting, uniq_lodul, uniq_jorgrun
D:15:     grunt_enter_depths_snipers, layout_basic, uniq_azrael
Lair:1:   layout_long_grid, grunt_megastairs_5
Lair:2:   layout_gridlike, minmay_shoals_entry_lonely_mermaid,
          guppyfry_snake_entry_garden, basic_altar, grunt_megastairs_1,
          lemuel_fruit_fields
Lair:3:   layout_chaotic_city, chequers_serial_rivers_micro_b,
          lemuel_fruit_tree, uniq_gastronok, uniq_sonja
Lair:4:   layout_roguey, special_room [special_room_mythical_zoo],
          gammafunk_ghost_split, basic_altar
Lair:5:   cheibrodos_lair_end_hotspot, layout_long_grid,
          minmay_slime_entry_pillars, enter_volcano_2

Skill      XL: |  1  2  3  4  5  6  7  8  9 10 11 12 13 14 15 |
---------------+----------------------------------------------+-----
Axes           | 4 5 6 7 9 10 12 13 15 16 17 18 | 18.2
Throwing       | 1 2 3 4 5 6 8 9 |  9.0
Fighting       | 4 5 6 8 9 12 13 15 17 18 | 18.6
Armour         | 3 5 7 8 10 12 14 16 17 | 17.0
Dodging        | 4 5 6 7 |  7.0

Action                   |  1- 3 |  4- 6 |  7- 9 | 10-12 | 13-15 || total
-------------------------+-------+-------+-------+-------+-------++-------
Melee: Hand axe          |    88 |    49 |       |       |       ||   137
       Headbutt          |     8 |    12 |    19 |   105 |   131 ||   275
       War axe           |       |    26 |   103 |   405 |       ||   534
       Morningstar       |       |       |       |     7 |    20 ||    27
       Punch             |       |       |       |     3 |     9 ||    12
       Broad axe         |       |       |       |    89 |   629 ||   718
Throw: Javelin           |       |    23 |    43 |   107 |    81 ||   254
       Boomerang         |       |       |       |    14 |    74 ||    88
Invok: Berserk           |       |     2 |     4 |    10 |    24 ||    40
       Brothers in Arms  |       |       |       |     3 |    11 ||    14
  Use: Scroll            |     2 |     8 |     6 |     6 |     6 ||    28
       Potion            |       |     2 |     1 |     2 |     2 ||     7
 Stab: Distracted        |       |       |       |       |     1 ||     1
Armor: Animal skin       |     5 |       |       |       |       ||     5
       Scale mail        |     8 |    28 |    12 |       |       ||    48
       Plate armour      |       |       |    10 |   200 |   376 ||   586
Dodge: Dodged            |    36 |    30 |    27 |   142 |   272 ||   507
Block: Other             |       |    12 |    22 |    86 |   123 ||   243
       Reflection        |       |       |       |       |    19 ||    19

Table legend:
 A = Non-vault XP
 B = Vault XP
 C = Vault XP percentage of total XP
 D = Non-vault monster count
 E = Vault monster count
 F = Vault count percentage of total count
                 A         B        C        D         E       F
            +---------+---------+-------+---------+---------+-------
      Total |   81412 |   43197 |  34.7 |     431 |     164 |  27.6
            +---------+---------+-------+---------+---------+-------
        D:1 |      32 |       8 |  20.0 |      22 |       4 |  15.4
        D:2 |      45 |      17 |  27.4 |      13 |       3 |  18.8
        D:3 |     103 |       0 |   0.0 |      21 |       0 |   0.0
        D:4 |     396 |       0 |   0.0 |      19 |       0 |   0.0
        D:5 |     173 |       0 |   0.0 |      14 |       0 |   0.0
        D:6 |    1180 |     442 |  27.3 |      20 |       5 |  20.0
        D:7 |     552 |    2257 |  80.3 |       7 |       3 |  30.0
        D:8 |    2197 |     486 |  18.1 |      26 |       1 |   3.7
        D:9 |    3511 |       0 |   0.0 |      31 |       0 |   0.0
       D:10 |    2090 |    7757 |  78.8 |      19 |      40 |  67.8
       D:11 |    2728 |       0 |   0.0 |      20 |       0 |   0.0
       D:12 |    5899 |     870 |  12.9 |      20 |       1 |   4.8
       D:13 |    4758 |    6287 |  56.9 |      15 |      17 |  53.1
       D:14 |    9550 |    3226 |  25.3 |      21 |       8 |  27.6
       D:15 |    8472 |    1604 |  15.9 |      19 |       7 |  26.9
     Lair:1 |    9248 |     333 |   3.5 |      43 |       1 |   2.3
     Lair:2 |    3745 |    2738 |  42.2 |      13 |      15 |  53.6
     Lair:3 |    3887 |    2194 |  36.1 |      14 |       2 |  12.5
     Lair:4 |    6141 |    5478 |  47.1 |      24 |      25 |  51.0
     Lair:5 |   16705 |    9500 |  36.3 |      50 |      32 |  39.0
            +---------+---------+-------+---------+---------+-------
